 Dungeon Crawl Stone Soup version 0.26-a0-70-g31f1466007 (webtiles) character file.

Game seed: 10539837077386514161

7 Zentennen the Magician (level 2, 17/17 HPs)
             Began as an Octopode Wizard on June 13, 2020.
             Quit the game on level 1 of the Dungeon on Jan 31, 2021.
             The game lasted 00:01:01 (248 turns).

Zentennen the Magician (Octopode Wizard)             Turns: 248, Time: 00:01:01

Health: 17/17      AC:  1    Str:  6    XL:     2   Next: 4%
Magic:  4/6        EV: 13    Int: 20    God:
Gold:   28         SH:  0    Dex: 10    Spells: 6/7 levels left

rFire    . . .     SeeInvis .   (no weapon)
rCold    . . .     Gourm    .   (no shield)
rNeg     . . .     Faith    .   a - +0 hat
rPois    .         Spirit   .   (no amulet)
rElec    .         Reflect  .   (no ring)
rCorr    .         Harm     .   (no ring)
MR       .....                  (no ring)
Stlth    +++.......             (no ring)
HPRegen  0.05/turn              (no ring)
MPRegen  0.10/turn              (no ring)
                                (no ring)
                                (no ring)

@: no status effects
A: almost no armour, stealthy swim, amphibious, 8 rings, constrict 8, camouflage
1, gelatinous body 1
a: no special abilities


You were on level 1 of the Dungeon.
You were not hungry.

You visited 1 branch of the dungeon, and saw 1 of its levels.

You collected 28 gold pieces.

Inventory:

Armour
 a - a +0 hat (worn)
Comestibles
 b - 3 chunks of flesh
 c - a ration


   Skills:
 - Level 2.0 Dodging
 - Level 2.6 Stealth
 + Level 3.1 Spellcasting
 * Level 1.7 Conjurations
   Level 1.0 Summonings
   Level 1.0 Translocations


You had 6 spell levels left.
You knew the following spells:

 Your Spells              Type           Power        Failure   Level  Hunger
a - Magic Dart            Conj           ##..         7%          1    None

Your spell library contained the following spells:

 Spells                   Type           Power        Failure   Level  Hunger
 Blink                    Tloc           N/A          14%         2    ##.....
 Call Imp                 Summ           #.......     14%         2    ##.....
 Slow                     Hex            #.......     22%         2    ##.....
 Conjure Flame            Conj/Fire      #.......     30%         3    ###....
 Mephitic Cloud           Conj/Pois/Air  #.......     32%         3    ###....


Dungeon Overview and Level Annotations

Branches:
Dungeon (1/15)

Altars:


Innate Abilities, Weirdness & Mutations

You cannot wear most types of armour.
You are very stealthy in the water. (Stealth+)
You are amphibious.
You can wear up to eight rings at the same time.
You can use your tentacles to constrict eight enemies at once.
Your skin changes colour to match your surroundings (Stealth+).
Your rubbery body absorbs attacks. (AC +1, EV +1)


Message History

Found a scale mail.
A goblin comes into view. It is wielding a +0 dagger.
A goblin is nearby!
A goblin is nearby!
A goblin is nearby!
Casting: Magic Dart (safe; 8% risk of failure)
Confirm with . or Enter, or press ? or * to list all spells.
Aiming: Magic Dart (safe; 8% risk of failure)
Press: ? - help, Shift-Dir - straight line, f - goblin
Aim: a goblin, wielding a +0 dagger (asleep)
The magic dart hits the goblin.
You kill the goblin!
You have reached level 2!
Welcome back, Zentennen the Octopode Wizard.
Press ? for a list of commands and other information.
Sorry, you're not good enough to have a special ability.
Unknown command.
Quiver which item? (- for none, * to show all) (? for menu, Esc to quit)
Okay, then.
Are you sure you want to abandon this character and quit the game? (Confirm with "yes".)

################
###.......@......)
.######...########.#..!.
.............[... .. #
#####...##########. ...
..####..##......... ###
...####[...######..
≈≈≈..#.....###
≈≈≈≈.####..÷.###.# .≈≈.#
####.....#


There were no monsters in sight!

Vanquished Creatures
  A dart slug (D:1)
  2 goblins (D:1)
  2 bats (D:1)
5 creatures vanquished.

Notes
Turn   | Place    | Note
-------+----------+-------------------------------------------
     0 | D:1      | Zentennen the Octopode Wizard began the quest for the Orb.
     0 | D:1      | Reached XP level 1. HP: 11/11 MP: 4/4
   247 | D:1      | Reached XP level 2. HP: 17/17 MP: 4/6
   248 | D:1      | Quit the game

Illustrated notes

Levels and vault maps discovered:
D:1:      dpeg_arrival_subterranean_lakeside_camping, layout_rooms

Action                   || total
-------------------------++-------
Melee: Unarmed           ||     5
       Constrict         ||     3
       Tentacles         ||     1
 Cast: Magic Dart        ||     7
Armor: Skin              ||     2
Dodge: Dodged            ||    11

Table legend:
 A = Non-vault XP
 B = Vault XP
 C = Vault XP percentage of total XP
 D = Non-vault monster count
 E = Vault monster count
 F = Vault count percentage of total count
                 A         B        C        D         E       F
            +---------+---------+-------+---------+---------+-------
      Total |       9 |       2 |  18.2 |       4 |       1 |  20.0
            +---------+---------+-------+---------+---------+-------
        D:1 |       9 |       2 |  18.2 |       4 |       1 |  20.0
            +---------+---------+-------+---------+---------+-------
